 Dungeon Crawl Stone Soup version 0.29.1-13-g9f3cf754e1 (webtiles) character file.

Game seed: 2484424826796552544

3081 adizb the Trooper (level 9, 0/79 HPs)
             Began as a Red Draconian Monk on Feb 11, 2023.
             Was a Priest of Zin.
             Slain by a wyvern (13 damage)
             ... on level 7 of the Dungeon.
             The game lasted 00:48:46 (6088 turns).

adizb the Trooper (Red Draconian Monk)              Turns: 6088, Time: 00:48:46

Health: 0/79       AC: 13    Str: 14    XL:     9   Next: 58%
Magic:  11/15      EV: 18    Int: 14    God:    Zin [***...]
Gold:   152        SH:  0    Dex: 14    Spells: 13/16 levels left

rFire   + . .      SeeInvis .   h - +0 quarterstaff
rCold   . . .      Faith    +   (shield currently unavailable)
rNeg    . . .      Spirit   .   (body armour unavailable)
rPois   .          Reflect  .   (helmet restricted)
rElec   .          Harm     .   (no cloak)
rCorr   .          Rampage  .   (no gloves)
Will    .....                   o - +1 pair of boots
Stlth   ++........              j - amulet of faith
HPRegen 0.23/turn               u - +4 ring of evasion
MPRegen 0.14/turn               r - +4 ring of protection

@: short of breath
A: breathe fire, AC +7, unfitting armour, fire resistance 1, cold-blooded
a: Breathe Fire, Renounce Religion, Recite, Vitalisation, Imprison, Donate Gold


You were on level 7 of the Dungeon.
You worshipped Zin.
Zin was most pleased with you.
You visited 2 branches of the dungeon, and saw 8 of its levels.

You collected 259 gold pieces.
You spent 18 gold pieces at shops.
You donated 89 gold pieces to Zin.

Inventory:

Hand Weapons
 a - a +0 spear
 h - a +0 quarterstaff (weapon)
Missiles
 l - 3 javelins
 x - 2 throwing nets
Armour
 o - a +1 pair of boots (worn)
Jewellery
 g - a +6 ring of dexterity
 j - an amulet of faith (around neck)
 r - a +4 ring of protection (right hand)
 u - a +4 ring of evasion (left hand)
Scrolls
 d - a scroll of amnesia
 e - a scroll of poison
 m - a scroll of immolation {unknown}
 n - 3 scrolls of fear
 p - 2 scrolls of teleportation
 z - a scroll of enchant armour
 B - a scroll of magic mapping
Potions
 b - 2 potions of ambrosia
 c - a potion of attraction {unknown}
 f - 6 potions of curing
 i - a potion of brilliance {unknown}
 k - a potion of might
 q - a potion of heal wounds {unknown}
 s - a potion of berserk rage
 t - a potion of haste {unknown}
 v - a potion of flight {unknown}
 w - a potion of magic {unknown}
 A - a potion of invisibility {unknown}


   Skills:
 + Level 7.3 Fighting
 - Level 3.1(4.4) Polearms
 + Level 4.9(5.3) Staves
 + Level 5.5 Dodging
 - Level 3.0 Stealth
 + Level 4.2 Spellcasting
 + Level 6.1 Summonings
 + Level 4.7 Invocations


You had 13 spell levels left.
You knew the following spells:

 Your Spells              Type           Power      Damage    Failure   Level
a - Call Canine Familiar  Summ           20%        N/A       4%          3

Your spell library contained the following spells:

 Spells                   Type           Power      Damage    Failure   Level
 Magic Dart               Conj           8%         1d3       19%         1
 Sandblast                Erth           4%         2d4       19%         1
 Shock                    Conj/Air       8%         1d3       19%         1
 Passwall                 Tmut/Erth      1%         N/A       28%         2
 Sublimation of Blood     Necr           2%         N/A       28%         2
 Wereblood                Tmut           2%         N/A       28%         2
 Portal Projectile        Hex/Tloc       4%         N/A       50%         3
 Stone Arrow              Conj/Erth      4%         3d7       50%         3
 Swiftness                Air            2%         N/A       50%         3
 Airstrike                Air            1%         2d(1-17)  88%         4
 Leda's Liquefaction      Hex/Erth       1%         N/A       88%         4
 Summon Hydra             Summ           10%        N/A       100%        7


Dungeon Overview and Level Annotations

Branches:
Dungeon (7/15)             Temple (1/1) D:5

Altars:
Ashenzari
Dithmenos
Elyvilon
Fedhas
Gozag
Hepliaklqana
Kikubaaqudgha
Makhleb
Nemelex Xobeh
Okawaru
Qazlal
Ru
Sif Muna
Trog
Uskayaw
Vehumet
Wu Jian
Xom
Yredelemnul
Zin
The Shining One

Shops:
D:1 (   D:4 *

Annotations:
D:5 2 transporters, AverageBear's ghost, amateur DsFi


Innate Abilities, Weirdness & Mutations

You can breathe blasts of fire.
Your fiery red scales are hard. (AC +7)
You cannot fit into any form of body armour.
Your flesh is heat resistant. (rF+)
You are cold-blooded and may be slowed by cold attacks.


Message History

Your hound bites the orc but does no damage.
The orc barely misses you.
Your hound closely misses the orc.
You barely miss the orc. The orc barely misses you.
Your hound bites the orc.
You closely miss the orc.
The orc is heavily wounded.
Your hound bites the orc but does no damage.
The orc misses you. The wyvern misses you.
Your hound bites the orc.
You hit the orc.
You tail-slap the orc, but do no damage.
The orc is severely wounded.
The wyvern bites you.
Your hound closely misses the orc.
The orc misses you. The wyvern barely misses you.
The orc attacks as you move away! The orc closely misses you.
Your hound closely misses the orc.
The orc misses you. The wyvern misses you.
Your hound bites the orc.
The wyvern attacks as you move away! The wyvern barely misses you.
Your hound bites the orc but does no damage.
The wyvern completely misses you. The wyvern attacks as you move away!
The wyvern completely misses you.
The orc hits your hound with a +0 flail!
Your hound bites the orc but does no damage.
Your hound barely misses the orc.
The orc closely misses your hound.
The cyclops throws a large rock.
The large rock hits your hound!
Your hound dies!
Your hound's corpse disappears in a puff of smoke!
The wyvern bites you.
* * * LOW HITPOINT WARNING * * *
The wyvern attacks as you move away! The wyvern completely misses you.
The wyvern attacks as you move away! The wyvern misses you.
The wyvern bites you.
* * * LOW HITPOINT WARNING * * *
The wyvern attacks as you move away! The wyvern bites you.
* * * LOW HITPOINT WARNING * * *
The wyvern attacks as you move away! The wyvern misses you.
The wyvern bites you but does no damage.
As you read the scroll of summoning, it crumbles to dust.
Wisps of shadow whirl around you... The wyvern closely misses you.
Your scorpion stings the wyvern but does no damage.
The wyvern bites you!
You die...

.###........# .##.........#
............# ##.....######
.. ##..### #... #....#####
.... ###.......)##### #....
#.#..###<....).##### ##....
#....########.)S@lo######..#
###...# #####Js....o...#
#..## #####.o...## #..#
####C.##### #.<# #o......#
#..# #...§C...# #..#
#...oo....# ###..#
#.........# ....)#
#..........


You could see a wyvern (ally target), 3 orcs, a friendly water moccasin
(summoned), a friendly scorpion (summoned) and a friendly jelly (summoned).

Vanquished Creatures
  Joseph (D:7)
  Prince Ribbit (D:6)
  Sigmund (D:6)
  2 steam dragons (D:6)
  Menkaure (D:6)
  An orc warrior (D:6)
  2 sky beasts
  An ice beast (D:5)
  2 black bears
  A phantom (D:6)
  A kobold brigand (D:6)
  A bullfrog (D:6)
  3 scorpions
  2 necrophages
  A howler monkey (D:5)
  A jelly (D:5)
  7 hounds
  4 orc priests
  Terence (D:3)
  3 iguanas
  An orc wizard (D:7)
  Robin (D:2)
  5 gnolls (D:7)
  5 adders
  A white imp (D:5)
  4 ufetubi
  2 adder skeletons (D:3)
  3 worms
  3 dart slugs
  17 orcs
  5 bats
  2 endoplasms
  11 goblins
  9 hobgoblins
  3 jackals (D:2)
  5 quokkas
  6 ball pythons
  2 ball python zombies (D:3)
  3 frilled lizards
  6 kobolds
  A rat (D:3)
132 creatures vanquished.

Vanquished Creatures (collateral kills)
  An orc warrior (D:7)
  A centaur (D:6)
  A gnoll bouda (D:7)
  An orc (D:5)
4 creatures vanquished.

Vanquished Creatures (others)
  A wizard (D:4)
  5 toadstools (D:1)
  2 withered plants (D:3)
8 creatures vanquished.

Grand Total: 144 creatures vanquished

Notes
Turn   | Place    | Note
-------+----------+-------------------------------------------
     0 | D:1      | adizb the Draconian Monk began the quest for the Orb.
     0 | D:1      | Reached XP level 1. HP: 19/19 MP: 1/1
   167 | D:1      | Found Nytze's Antique Weapon Boutique.
   434 | D:1      | Reached XP level 2. HP: 26/26 MP: 2/2
   892 | D:2      | You fall into a shaft and drop 1 floor!
   983 | D:2      | Noticed Robin
   990 | D:2      | Reached XP level 3. HP: 17/33 MP: 3/3
  1301 | D:2      | Found a broken altar of Ashenzari.
  1358 | D:2      | Reached skill level 4 in Fighting
  1618 | D:2      | Killed Robin
  1780 | D:3      | Noticed Terence
  1799 | D:3      | Killed Terence
  1800 | D:3      | Reached skill level 1 in Staves
  1800 | D:3      | Reached XP level 4. HP: 38/41 MP: 4/4
  1901 | D:3      | Found a blossoming altar of Fedhas.
  2484 | D:4      | Found a bloodstained altar of Trog.
  2514 | D:4      | Found a sparkling altar of Nemelex Xobeh.
  2523 | D:4      | Found a broken altar of Ashenzari.
  2676 | D:4      | Found Pul Igg's Assorted Antiques.
  2688 | D:4      | Reached XP level 5. HP: 30/47 MP: 5/5
  2691 | D:4      | Bought a scroll labelled ELAGA ZUHECAUN for 18 gold pieces
  3112 | D:4      | Noticed a wizard
  3118 | D:4      | Killed a wizard
  3216 | D:4      | Noticed a black bear
  3232 | D:4      | Killed a black bear
  3233 | D:4      | Reached skill level 5 in Fighting
  3233 | D:4      | Reached skill level 1 in Spellcasting
  3458 | D:5      | Entered Level 5 of the Dungeon
  3473 | D:5      | Identified the +2 robe "Jicsu" {rPois rF+ MP+9}
  3548 | D:5      | Found a staircase to the Ecumenical Temple.
  3555 | Temple   | Entered the Ecumenical Temple
  3607 | Temple   | Became a worshipper of Zin the Law-Giver
  3607 | Temple   | Reached * piety under Zin
  3607 | Temple   | Reached ** piety under Zin
  3673 | D:5      | Noticed a black bear
  3684 | D:5      | Killed a black bear
  3685 | D:5      | Reached skill level 1 in Summonings
  3685 | D:5      | Reached XP level 6. HP: 47/56 MP: 6/8
  3689 | D:5      | Learned a level 3 spell: Call Canine Familiar
  3699 | D:5      | Found a transporter.
  3701 | D:5      | Found a transporter.
  3702 | D:5      | Noticed AverageBear's ghost (amateur DsFi)
  3754 | D:5      | Donated 65 gold pieces to Zin
  3775 | D:5      | Reached skill level 1 in Invocations
  3891 | D:5      | Reached *** piety under Zin
  3923 | D:5      | Found an iron altar of Okawaru.
  3934 | D:5      | Noticed an ice beast
  3979 | D:5      | Killed an ice beast
  3980 | D:5      | Your scales start taking on a fiery red colour.
  3980 | D:5      | Reached XP level 7. HP: 17/61 MP: 9/9
  3980 | D:5      | Gained mutation: Your flesh is heat resistant. (rF+) [Red
                  | Draconian growth]
  4320 | D:5      | Found an ancient bone altar of Kikubaaqudgha.
  4328 | D:5      | Found a shimmering blue altar of Sif Muna.
  4330 | D:5      | Found a radiant altar of Vehumet.
  4335 | D:5      | Got Vehumet's Precepts of Attacks
  4436 | D:6      | Noticed Menkaure
  4447 | D:6      | Killed Menkaure
  4573 | D:6      | Noticed a steam dragon
  4611 | D:6      | Killed a steam dragon
  4612 | D:6      | Reached skill level 6 in Fighting
  4612 | D:6      | Reached XP level 8. HP: 48/70 MP: 11/11
  4780 | D:6      | Noticed Sigmund
  4808 | D:6      | Killed Sigmund
  4928 | D:6      | Reached skill level 5 in Summonings
  4956 | D:6      | HP: 3/71 [orc warrior/+0 dire flail (8)]
  4978 | D:6      | Zin protects you from harm!
  4983 | D:6      | Reached skill level 5 in Dodging
  5329 | D:6      | Noticed Prince Ribbit
  5332 | D:6      | Killed Prince Ribbit
  5333 | D:6      | Reached XP level 9. HP: 78/78 MP: 14/14
  5639 | D:7      | Noticed Joseph
  5650 | D:7      | Killed Joseph
  5651 | D:7      | Reached skill level 7 in Fighting
  6073 | D:7      | Noticed a cyclops
  6088 | D:7      | Slain by a wyvern

Illustrated notes

Levels and vault maps discovered:
D:1:      ldierk_walled_garden, layout_loops_corners, serial_shops,
          nicolae_shop_competitors_out_of_business
D:2:      layout_loops_ring, basic_altar, uniq_robin
D:3:      corexii_shack_village, layout_basic, mainiacjoe_overflow_boulevard,
          serial_undead, serial_undead_e, serial_undead_e, serial_undead_a,
          serial_undead_b, serial_undead_f, serial_undead_c,
          minmay_misc_feat_tower, uniq_terence
D:4:      layout_basic, trog_wizard, nicolae_overflow_squiral, serial_shops,
          nicolae_diamond_shop, hangedman_decor_slide_cut
D:5:      layout_rooms, grunt_temple_overflow_magic_moments,
          mainiacjoe_overflow_24_doors, temple_green, gammafunk_ghost_hive,
          glass_columns_b
D:6:      minmay_octagon_keep, layout_basic, uniq_prince_ribbit1, uniq_menkaure,
          uniq_sigmund
D:7:      layout_cave_pods, uniq_maggie, uniq_crazy_yiuf_cottage, uniq_joseph
Temple:   nicolae_temple_god_jail

Skill      XL: |  1  2  3  4  5  6  7  8  9 |
---------------+----------------------------+-----
Stealth        | 2 3 |  3.0
Dodging        | 3 4 5 |  5.5
Fighting       | 4 5 6 7 |  7.3
Staves         | 1 2 3 4 |  4.9
Spellcasting   | 1 2 3 4 |  4.2
Summonings     | 1 2 3 5 6 |  6.1
Invocations    | 1 2 3 4 |  4.7
Polearms       | |  3.1

Action                   |  1- 3 |  4- 6 |  7- 9 || total
-------------------------+-------+-------+-------++-------
Melee: Spear             |    22 |       |       ||    22
       Tailslap          |    14 |    27 |    37 ||    78
       Punch             |     1 |       |       ||     1
       Quarterstaff      |    79 |   187 |   211 ||   477
Throw: Javelin           |       |     5 |     6 ||    11
       Throwing net      |       |       |     1 ||     1
 Cast: Call Canine Famil |       |     1 |     7 ||     8
Invok: Donate Gold       |       |     1 |       ||     1
       Recite            |       |       |     5 ||     5
       Vitalisation      |       |       |     1 ||     1
 Abil: Breathe Fire      |       |       |    24 ||    24
  Use: Scroll            |     2 |     9 |     7 ||    18
 Stab: Sleeping          |     4 |     6 |     1 ||    11
       Distracted        |       |       |     2 ||     2
Armor: Skin              |    28 |    80 |    58 ||   166
Dodge: Dodged            |    68 |   133 |   201 ||   402
